Workbook

Sheet Índice
B3: SECRETARIA DO TESOURO NACIONAL
B4: RGF em Foco: Estados e Distrito Federal - 2º quadrimestre de 2026
B5: Dados extraídos do RGF dos Estados e Distrito Federal - 2º quadrimestre
B6: Fonte: SICONFI
B7: Data da extração: 05/10/2026, das 13h00 às 13h30
A9: 1. | B9: Composição das Despesas de Pessoal
A10: 2. | B10: Gráfico 1 - Despesa Total com Pessoal em relação à RCL
A11: 3. | B11: Gráfico 2 - Composição da Despesa Bruta com Pessoal
A12: 4. | B12: Gráfico 3 - Inativos e Pensionistas com Recursos Vinculados /Pessoal Inativo e Pensionistas
A13: 6. | B13: Gráfico 4 - Dívida Consolidada Líquida - DCL
A14: 8. | B14: Gráfico 5 - Deduções da Dívida Consolidada Bruta
A15: 7. | B15: Gráfico 6 Composição da Dívida Consolidada Bruta
A16: 10. | B16: Gráfico 7- Precatórios
A17: 11. | B17: Gráfico 8 - Operações de Crédito

Sheet 1.
B2: Clique aqui para voltar ao índice
A4: SECRETARIA DO TESOURO NACIONAL
A5: Tabela 1. Composição das Despesas de Pessoal
A6: Fonte: SICONFI
A7: RGF 2º quadrimestre de 2026
A8: Anexo 01 - Demonstrativo da Despesas Com Pessoal
A9: R$ - Valores Correntes
A10: (Os dados abaixo correspondem ao somatório das despesas de pessoal de todos os poderes: Executivo, Legislativo, incluindo os Tribunais de Contas, Judiciário e Ministérios Públicos dos Estados e DF. Os dados do RGF das Defensorias Públicas Estaduais não devem ser incluídos no somatório pois já estão incluídos nos valores do poder executivo de cada ente.)
A12: UF | B12: TOTAL (ÚLTIMOS 12 MESES) (a) | J12: RECEITA CORRENTE LÍQUIDA AJUSTADA PARA CÁLCULO DOS LIMITES DA DESPESA COM PESSOAL (VII) = (IV - V - VI) | K12: Cálculo das Despesas de Pessoal
B13: DESPESA BRUTA COM PESSOAL (I) | C13: DESPESA LÍQUIDA COM PESSOAL (III) = (I - II) | D13: DESPESAS NÃO COMPUTADAS (§ 1º do art. 19 da LRF) (II) | E13: Inativos e Pensionistas com Recursos Vinculados | F13: Outras Despesas de Pessoal decorrentes de Contratos de Terceirização (§ 1º do art. 18 da LRF) | G13: Despesa com Pessoal não Executada Orçamentariamente | H13: Pessoal Ativo | I13: Pessoal Inativo e Pensionistas | K13: Despesa Bruta com pessoal/RCL | L13: Despesas não computadas / RCL | M13: Ativo / Despesa Bruta | N13: Inativo e Pensionistas / Despesa Bruta | O13: Terceirização / Despesa Bruta com Pessoal | P13: Não Executada Orçamentariamente/ Despesa Bruta | Q13: Inativos e Pensionistas com Recursos Vinculados / Inativos e Pensionistas
A14: AC | B14: 7.8582783e+09 | C14: 6.6058201e+09 | D14: 1.2524582e+09 | E14: 1.0120949e+09 | F14: 1.7044218e+08 | G14: 23796337 | H14: 5.7465945e+09 | I14: 1.9174453e+09 | J14: 1.1652842e+10 | K14: =B14/J14 -> 0.67436582 | L14: =D14/J14 -> 0.10748092 | M14: =H14/B14 -> 0.73127908 | N14: =I14/B14 -> 0.24400323 | O14: =F14/B14 -> 0.021689507 | P14: =G14/B14 -> 0.0030281872 | Q14: =E14/I14 -> 0.5278351
A15: AL | B15: 1.0576261e+10 | C15: 9.0312796e+09 | D15: 1.5449811e+09 | E15: 9.2336754e+08 | F15: 3.1620901e+08 | H15: 7.6653035e+09 | I15: 2.5947483e+09 | J15: 2.0236201e+10 | K15: =B15/J15 -> 0.52264062 | L15: =D15/J15 -> 0.07634739 | M15: =H15/B15 -> 0.72476498 | N15: =I15/B15 -> 0.24533702 | O15: =F15/B15 -> 0.029897997 | P15: =G15/B15 -> 0 | Q15: =E15/I15 -> 0.35586016
A16: AM | B16: 1.5382488e+10 | C16: 1.3609432e+10 | D16: 1.773056e+09 | E16: 1.4492537e+09 | F16: 4.7286456e+08 | H16: 1.1024246e+10 | I16: 3.8853774e+09 | J16: 2.9259028e+10 | K16: =B16/J16 -> 0.52573476 | L16: =D16/J16 -> 0.060598596 | M16: =H16/B16 -> 0.71667509 | N16: =I16/B16 -> 0.25258446 | O16: =F16/B16 -> 0.030740447 | P16: =G16/B16 -> 0 | Q16: =E16/I16 -> 0.37300204
A17: AP | B17: 5.6949986e+09 | C17: 5.2324373e+09 | D17: 4.6256132e+08 | E17: 3.4417159e+08 | H17: 4.6829882e+09 | I17: 1.0120104e+09 | J17: 1.0832919e+10 | K17: =B17/J17 -> 0.5257123 | L17: =D17/J17 -> 0.042699602 | M17: =H17/B17 -> 0.82229839 | N17: =I17/B17 -> 0.17770161 | O17: =F17/B17 -> 0 | P17: =G17/B17 -> 0 | Q17: =E17/I17 -> 0.340087
A18: BA | B18: 4.4020642e+10 | C18: 3.6632685e+10 | D18: 7.3879569e+09 | E18: 5.9057258e+09 | F18: 1.8667918e+09 | H18: 2.7573319e+10 | I18: 1.4580531e+10 | J18: 7.2046894e+10 | K18: =B18/J18 -> 0.61099986 | L18: =D18/J18 -> 0.10254372 | M18: =H18/B18 -> 0.62637249 | N18: =I18/B18 -> 0.33122032 | O18: =F18/B18 -> 0.042407191 | P18: =G18/B18 -> 0 | Q18: =E18/I18 -> 0.40504189
A19: CE | B19: 2.5718351e+10 | C19: 2.0494089e+10 | D19: 5.2242616e+09 | E19: 4.4568297e+09 | F19: 1.0204952e+09 | G19: 620516.86 | H19: 1.7897328e+10 | I19: 6.7999076e+09 | J19: 4.1764818e+10 | K19: =B19/J19 -> 0.61578984 | L19: =D19/J19 -> 0.12508762 | M19: =H19/B19 -> 0.69589717 | N19: =I19/B19 -> 0.26439905 | O19: =F19/B19 -> 0.03967965 | P19: =G19/B19 -> 2.4127397e-05 | Q19: =E19/I19 -> 0.65542504
A20: DF | B20: 2.4147538e+10 | C20: 1.7772499e+10 | D20: 6.3750392e+09 | E20: 5.7547257e+09 | F20: 7.8624495e+08 | H20: 1.6391069e+10 | I20: 6.9702242e+09 | J20: 4.1899183e+10 | K20: =B20/J20 -> 0.57632479 | L20: =D20/J20 -> 0.15215187 | M20: =H20/B20 -> 0.67878841 | N20: =I20/B20 -> 0.28865155 | O20: =F20/B20 -> 0.032560046 | P20: =G20/B20 -> 0 | Q20: =E20/I20 -> 0.82561558
A21: ES | B21: 1.4256625e+10 | C21: 1.284684e+10 | D21: 1.4097854e+09 | E21: 1.0868006e+09 | F21: 1.9215162e+08 | H21: 8.6373659e+09 | I21: 5.4271075e+09 | J21: 3.0896825e+10 | K21: =B21/J21 -> 0.46142687 | L21: =D21/J21 -> 0.045628811 | M21: =H21/B21 -> 0.60584927 | N21: =I21/B21 -> 0.38067267 | O21: =F21/B21 -> 0.013478058 | P21: =G21/B21 -> 0 | Q21: =E21/I21 -> 0.20025412
A22: GO | B22: 2.8679117e+10 | C22: 2.3705706e+10 | D22: 4.9734115e+09 | E22: 4.2159932e+09 | F22: 1.4867329e+08 | H22: 1.8408932e+10 | I22: 1.0121512e+10 | J22: 4.6946528e+10 | K22: =B22/J22 -> 0.61088899 | L22: =D22/J22 -> 0.10593779 | M22: =H22/B22 -> 0.64189327 | N22: =I22/B22 -> 0.35292271 | O22: =F22/B22 -> 0.005184026 | P22: =G22/B22 -> 0 | Q22: =E22/I22 -> 0.4165379
A23: MA | B23: 1.738558e+10 | C23: 1.3401337e+10 | D23: 3.9842436e+09 | E23: 2.2068418e+09 | F23: 699305.07 | G23: 15666708 | H23: 12109558409 | I23: 5.2596559e+09 | J23: 3.5589295e+10 | K23: =B23/J23 -> 0.4885059 | L23: =D23/J23 -> 0.11195062 | M23: =H23/B23 -> 0.69652886 | N23: =I23/B23 -> 0.30252979 | O23: =F23/B23 -> 4.022328e-05 | P23: =G23/B23 -> 0.00090113231 | Q23: =E23/I23 -> 0.41957912
A24: MG | B24: 8.64709e+10 | C24: 6.6677779e+10 | D24: 1.9793121e+10 | E24: 1.4748681e+10 | H24: 5.0934728e+10 | I24: 3.5536172e+10 | J24: 1.1772025e+11 | K24: =B24/J24 -> 0.73454565 | L24: =D24/J24 -> 0.16813692 | M24: =H24/B24 -> 0.58903895 | N24: =I24/B24 -> 0.41096105 | O24: =F24/B24 -> 0 | P24: =G24/B24 -> 0 | Q24: =E24/I24 -> 0.41503291
A25: MS | B25: 1.7041687e+10 | C25: 1.2905508e+10 | D25: 4.1361798e+09 | E25: 3.8727202e+09 | F25: 2.091787e+08 | G25: 0 | H25: 1.107435e+10 | I25: 5.7581591e+09 | J25: 2.3108986e+10 | K25: =B25/J25 -> 0.73744852 | L25: =D25/J25 -> 0.17898578 | M25: =H25/B25 -> 0.6498388 | N25: =I25/B25 -> 0.33788667 | O25: =F25/B25 -> 0.01227453 | P25: =G25/B25 -> 0 | Q25: =E25/I25 -> 0.67256221
A26: MT | B26: 2.2162826e+10 | C26: 1.7303327e+10 | D26: 4.8594993e+09 | E26: 4.2488082e+09 | F26: 0 | H26: 1.6280725e+10 | I26: 5.8821006e+09 | J26: 3.8839488e+10 | K26: =B26/J26 -> 0.57062611 | L26: =D26/J26 -> 0.12511749 | M26: =H26/B26 -> 0.73459609 | N26: =I26/B26 -> 0.26540391 | O26: =F26/B26 -> 0 | P26: =G26/B26 -> 0 | Q26: =E26/I26 -> 0.72232838
A27: PA | B27: 2.6952722e+10 | C27: 2.1391183e+10 | D27: 5.5615392e+09 | E27: 4.6660852e+09 | F27: 17399565 | H27: 1.9214421e+10 | I27: 7.7209017e+09 | J27: 4.6579378e+10 | K27: =B27/J27 -> 0.57864066 | L27: =D27/J27 -> 0.11939917 | M27: =H27/B27 -> 0.71289351 | N27: =I27/B27 -> 0.28646093 | O27: =F27/B27 -> 0.00064555873 | P27: =G27/B27 -> 0 | Q27: =E27/I27 -> 0.60434459
A28: PB | B28: 1.569588e+10 | C28: 1.3633714e+10 | D28: 2.0621657e+09 | E28: 1.5951656e+09 | H28: 1.0950142e+10 | I28: 4.7457385e+09 | J28: 2.2522271e+10 | K28: =B28/J28 -> 0.69690486 | L28: =D28/J28 -> 0.09156118 | M28: =H28/B28 -> 0.69764432 | N28: =I28/B28 -> 0.30235568 | O28: =F28/B28 -> 0 | P28: =G28/B28 -> 0 | Q28: =E28/I28 -> 0.33612589
A29: PE | B29: 2.943445e+10 | C29: 2.5066087e+10 | D29: 4.3683629e+09 | E29: 3.7027554e+09 | F29: 1.0947113e+08 | G29: 7175794.5 | H29: 1.8730703e+10 | I29: 1.05871e+10 | J29: 5.0807308e+10 | K29: =B29/J29 -> 0.57933497 | L29: =D29/J29 -> 0.085979027 | M29: =H29/B29 -> 0.63635307 | N29: =I29/B29 -> 0.35968399 | O29: =F29/B29 -> 0.0037191497 | P29: =G29/B29 -> 0.00024378898 | Q29: =E29/I29 -> 0.34974217
A30: PI | B30: 1.2866164e+10 | C30: 9.0509355e+09 | D30: 3.8152289e+09 | E30: 3.4295093e+09 | F30: 2.9503526e+08 | G30: 6435764.8 | H30: 9.1245408e+09 | I30: 3.4401526e+09 | J30: 2.1347787e+10 | K30: =B30/J30 -> 0.60269313 | L30: =D30/J30 -> 0.17871777 | M30: =H30/B30 -> 0.70918889 | N30: =I30/B30 -> 0.26737981 | O30: =F30/B30 -> 0.022931097 | P30: =G30/B30 -> 0.0005002085 | Q30: =E30/I30 -> 0.99690616
A31: PR | B31: 4.6001241e+10 | C31: 3.7434214e+10 | D31: 8.5670274e+09 | E31: 6.8514709e+09 | F31: 9.2524488e+08 | H31: 2.9178343e+10 | I31: 1.5897654e+10 | J31: 7.1562058e+10 | K31: =B31/J31 -> 0.64281608 | L31: =D31/J31 -> 0.11971466 | M31: =H31/B31 -> 0.63429468 | N31: =I31/B31 -> 0.34559184 | O31: =F31/B31 -> 0.020113476 | P31: =G31/B31 -> 0 | Q31: =E31/I31 -> 0.43097372
A32: RJ | B32: 7.1148657e+10 | C32: 5.6436363e+10 | D32: 1.4712294e+10 | E32: 1.0050744e+10 | F32: 1848837205 | G32: 0 | H32: 4.0017579e+10 | I32: 2.9282241e+10 | J32: 1.0655576e+11 | K32: =B32/J32 -> 0.66771294 | L32: =D32/J32 -> 0.13807132 | M32: =H32/B32 -> 0.56245024 | N32: =I32/B32 -> 0.41156421 | O32: =F32/B32 -> 0.025985553 | P32: =G32/B32 -> 0 | Q32: =E32/I32 -> 0.34323685
A33: RN | B33: 1.8567758e+10 | C33: 1.3458228e+10 | D33: 5.1095304e+09 | E33: 4.0391789e+09 | F33: 196558256 | G33: 155895.94 | H33: 1.1457404e+10 | I33: 6.91364e+09 | J33: 2.0958176e+10 | K33: =B33/J33 -> 0.88594343 | L33: =D33/J33 -> 0.24379652 | M33: =H33/B33 -> 0.6170591 | N33: =I33/B33 -> 0.37234651 | O33: =F33/B33 -> 0.010585998 | P33: =G33/B33 -> 8.3960561e-06 | Q33: =E33/I33 -> 0.58423333
A34: RO | B34: 1.0619629e+10 | C34: 7.9506346e+09 | D34: 2.6689942e+09 | E34: 1.5980081e+09 | F34: 81420774 | G34: 11944416 | H34: 8.6141334e+09 | I34: 1.9121303e+09 | J34: 1.7349093e+10 | K34: =B34/J34 -> 0.61211436 | L34: =D34/J34 -> 0.15384057 | M34: =H34/B34 -> 0.81115202 | N34: =I34/B34 -> 0.18005623 | O34: =F34/B34 -> 0.0076670075 | P34: =G34/B34 -> 0.0011247489 | Q34: =E34/I34 -> 0.83572134
A35: RR | B35: 5.643923e+09 | C35: 5.000463e+09 | D35: 6.4345997e+08 | E35: 3.9802142e+08 | F35: 1.3773428e+08 | G35: 45525190 | H35: 5.0599459e+09 | I35: 4.0071761e+08 | J35: 9.2613916e+09 | K35: =B35/J35 -> 0.60940335 | L35: =D35/J35 -> 0.069477677 | M35: =H35/B35 -> 0.89652993 | N35: =I35/B35 -> 0.070999837 | O35: =F35/B35 -> 0.024403997 | P35: =G35/B35 -> 0.0080662316 | Q35: =E35/I35 -> 0.99327159
A36: RS | B36: 4.8962305e+10 | C36: 3.5216725e+10 | D36: 1.374558e+10 | E36: 1.0550733e+10 | F36: 5.5241257e+08 | G36: 0 | H36: 2.7727746e+10 | I36: 2.0682146e+10 | J36: 6.8145851e+10 | K36: =B36/J36 -> 0.71849282 | L36: =D36/J36 -> 0.20170824 | M36: =H36/B36 -> 0.56630802 | N36: =I36/B36 -> 0.42240957 | O36: =F36/B36 -> 0.011282405 | P36: =G36/B36 -> 0 | Q36: =E36/I36 -> 0.51013722
A37: SC | B37: 3.2219198e+10 | C37: 2.6042754e+10 | D37: 6.1764441e+09 | E37: 4.3276257e+09 | F37: 68456486 | H37: 2.0380896e+10 | I37: 1.1769845e+10 | J37: 5.3646592e+10 | K37: =B37/J37 -> 0.60058237 | L37: =D37/J37 -> 0.11513209 | M37: =H37/B37 -> 0.63256995 | N37: =I37/B37 -> 0.36530534 | O37: =F37/B37 -> 0.0021247111 | P37: =G37/B37 -> 0 | Q37: =E37/I37 -> 0.36768758
A38: SE | B38: 1.0415579e+10 | C38: 8.5869077e+09 | D38: 1.8286711e+09 | E38: 1.2753326e+09 | H38: 6.9785118e+09 | I38: 3.4370671e+09 | J38: 1.6829595e+10 | K38: =B38/J38 -> 0.6188847 | L38: =D38/J38 -> 0.10865806 | M38: =H38/B38 -> 0.6700071 | N38: =I38/B38 -> 0.3299929 | O38: =F38/B38 -> 0 | P38: =G38/B38 -> 0 | Q38: =E38/I38 -> 0.37105258
A39: SP | B39: 1.6020087e+11 | C39: 1.3955197e+11 | D39: 2.0648899e+10 | E39: 1.8290342e+10 | H39: 9.6573313e+10 | I39: 6.3627559e+10 | J39: 2.7917099e+11 | K39: =B39/J39 -> 0.57384498 | L39: =D39/J39 -> 0.073965062 | M39: =H39/B39 -> 0.60282639 | N39: =I39/B39 -> 0.39717361 | O39: =F39/B39 -> 0 | P39: =G39/B39 -> 0 | Q39: =E39/I39 -> 0.28745944
A40: TO | B40: 1.1965799e+10 | C40: 8.7719259e+09 | D40: 3.1938735e+09 | E40: 2.1535336e+09 | F40: 20718280 | G40: 61252674 | H40: 8.9308772e+09 | I40: 2.9529512e+09 | J40: 1.6233833e+10 | K40: =B40/J40 -> 0.7370902 | L40: =D40/J40 -> 0.1967418 | M40: =H40/B40 -> 0.74636695 | N40: =I40/B40 -> 0.24678261 | O40: =F40/B40 -> 0.0017314581 | P40: =G40/B40 -> 0.0051189788 | Q40: =E40/I40 -> 0.72928183

Sheet 2.
B2: Clique aqui para voltar ao índice
A4: SECRETARIA DO TESOURO NACIONAL
A5: Tabela 2. Gráfico 1 - Despesa Total com Pessoal em relação à RCL
A6: Fonte: SICONFI
A7: ='1.'!A7 -> RGF 2º quadrimestre de 2026
A8: Anexo 01 - Demonstrativo da Despesas Com Pessoal
A9: R$ - Valores Correntes
A10: (Os dados abaixo correspondem ao somatório das despesas de pessoal de todos os poderes: Executivo, Legislativo, incluindo os Tribunais de Contas, Judiciário e Ministérios Públicos dos Estados e DF. Os dados do RGF das Defensorias Públicas Estaduais não devem ser incluídos no somatório pois já estão incluídos nos valores do poder executivo de cada ente.)
C11: 100
A12: UF | B12: Executivo | D12: Judiciário | F12: Legislativo | H12: Ministério Público | J12: Lim. Máx. Executivo 49%
B13: Lim. Máx. 49% | D13: Lim. Máx. 6% | F13: Lim. Máx. 3% | H13: Lim. Máx. 2%
B14: % / RCL | C14: Valor | D14: % / RCL | E14: Valor | F14: % / RCL | G14: Valor | H14: % / RCL | I14: Valor
A15: ='1.'!A14 -> AC | B15: =C15/'1.'!J14 -> 0.4903459 | C15: 5.7139233e+09 | D15: =E15/'1.'!J14 -> 0.035468062 | E15: 4.1330372e+08 | F15: =G15/'1.'!J14 -> 0.025504952 | G15: 2.9720517e+08 | H15: =I15/'1.'!J14 -> 0.017644843 | I15: 2.0561256e+08 | J15: 0.49 | S15: =C15/'1.'!J14 -> 0.4903459
A16: ='1.'!A15 -> AL | B16: =C16/'1.'!J15 -> 0.37363273 | C16: 7.5609072e+09 | D16: =E16/'1.'!J15 -> 0.033626298 | E16: 6.8046854e+08 | F16: =G16/'1.'!J15 -> 0.028282055 | G16: 5.7232135e+08 | H16: =I16/'1.'!J15 -> 0.011856605 | I16: 2.3993265e+08 | J16: 0.49
A17: ='1.'!A16 -> AM | B17: =C17/'1.'!J16 -> 0.39468373 | C17: 1.1548063e+10 | D17: =E17/'1.'!J16 -> 0.035629164 | E17: 1.0424747e+09 | F17: =G17/'1.'!J16 -> 0.023274809 | G17: 6.8099828e+08 | H17: =I17/'1.'!J16 -> 0.01218589 | I17: 3.5654731e+08 | J17: 0.49
A18: ='1.'!A17 -> AP | B18: =C18/'1.'!J17 -> 0.41827115 | C18: 4.5310974e+09 | D18: =E18/'1.'!J17 -> 0.044483864 | E18: 4.8189009e+08 | F18: =G18/'1.'!J17 -> 0.0062258119 | G18: 67443715 | H18: =I18/'1.'!J17 -> 0.014337587 | I18: 1.5531791e+08 | J18: 0.49
A19: ='1.'!A18 -> BA | B19: =C19/'1.'!J18 -> 0.42131284 | C19: 3.0354282e+10 | D19: =E19/'1.'!J18 -> 0.049969709 | E19: 3.6001624e+09 | F19: =G19/'1.'!J18 -> 0.02290676 | G19: 1.6503609e+09 | H19: =I19/'1.'!J18 -> 0.016813232 | I19: 1.2113411e+09 | J19: 0.49
A20: ='1.'!A19 -> CE | B20: =C20/'1.'!J19 -> 0.4158876 | C20: 1.736947e+10 | D20: =E20/'1.'!J19 -> 0.039666105 | E20: 1.6566477e+09 | F20: =G20/'1.'!J19 -> 0.022732526 | G20: 9.4941983e+08 | H20: =I20/'1.'!J19 -> 0.016655516 | I20: 6.9561462e+08 | J20: 0.49
A21: ='1.'!A20 -> DF | B21: =C21/'1.'!J20 -> 0.40544494 | C21: 1.6987812e+10 | F21: =G21/'1.'!J20 -> 0.022529338 | G21: 9.4396086e+08 | J21: 0.49
A22: ='1.'!A21 -> ES | B22: =C22/'1.'!J21 -> 0.34192971 | C22: 1.0564542e+10 | D22: =E22/'1.'!J21 -> 0.043977043 | E22: 1.358751e+09 | F22: =G22/'1.'!J21 -> 0.015676366 | G22: 4.8434994e+08 | H22: =I22/'1.'!J21 -> 0.014648886 | I22: 4.5260406e+08 | J22: 0.49
A23: ='1.'!A22 -> GO | B23: =C23/'1.'!J22 -> 0.40580605 | C23: 1.9051185e+10 | D23: =E23/'1.'!J22 -> 0.054601896 | E23: 2.5633694e+09 | F23: =G23/'1.'!J22 -> 0.027239153 | G23: 1.2787837e+09 | H23: =I23/'1.'!J22 -> 0.017723644 | I23: 8.3206355e+08 | J23: 0.49
A24: ='1.'!A23 -> MA | B24: =C24/'1.'!J23 -> 0.29563618 | C24: 1.0521483e+10 | D24: =E24/'1.'!J23 -> 0.046712877 | E24: 1.6624783e+09 | F24: =G24/'1.'!J23 -> 0.022792876 | G24: 8.1118237e+08 | H24: =I24/'1.'!J23 -> 0.017869549 | I24: 6.3596463e+08 | J24: 0.49
A25: ='1.'!A24 -> MG | B25: =C25/'1.'!J24 -> 0.47364284 | C25: 5.5757355e+10 | D25: =E25/'1.'!J24 -> 0.05456506 | E25: 6.4234128e+09 | F25: =G25/'1.'!J24 -> 0.02121825 | G25: 2.4978178e+09 | H25: =I25/'1.'!J24 -> 0.016993672 | I25: 2.0004995e+09 | J25: 0.49
A26: ='1.'!A25 -> MS | B26: =C26/'1.'!J25 -> 0.47016972 | C26: 1.0865145e+10 | D26: =E26/'1.'!J25 -> 0.049378952 | E26: 1.1410975e+09 | F26: =G26/'1.'!J25 -> 0.02364569 | G26: 5.4642791e+08 | H26: =I26/'1.'!J25 -> 0.016182183 | I26: 3.7395383e+08 | J26: 0.49
A27: ='1.'!A26 -> MT | B27: =C27/'1.'!J26 -> 0.37510649 | C27: 1.4568944e+10 | D27: =E27/'1.'!J26 -> 0.035765587 | E27: 1.3891171e+09 | F27: =G27/'1.'!J26 -> 0.022622171 | G27: 8.7863353e+08 | H27: =I27/'1.'!J26 -> 0.01230542 | I27: 4.779362e+08 | J27: 0.49
A28: ='1.'!A27 -> PA | B28: =C28/'1.'!J27 -> 0.37635119 | C28: 1.7530204e+10 | D28: =E28/'1.'!J27 -> 0.038703351 | E28: 1.802778e+09 | F28: =G28/'1.'!J27 -> 0.026586222 | G28: 1.2383697e+09 | H28: =I28/'1.'!J27 -> 0.01760072 | I28: 8.1983059e+08 | J28: 0.49
A29: ='1.'!A28 -> PB | B29: =C29/'1.'!J28 -> 0.51469259 | C29: 1.1592046e+10 | D29: =E29/'1.'!J28 -> 0.045012534 | E29: 1.0137845e+09 | F29: =G29/'1.'!J28 -> 0.028110718 | G29: 6.3311722e+08 | H29: =I29/'1.'!J28 -> 0.017527834 | I29: 3.9476663e+08 | J29: 0.49
A30: ='1.'!A29 -> PE | B30: =C30/'1.'!J29 -> 0.41100466 | C30: 2.088204e+10 | D30: =E30/'1.'!J29 -> 0.045696317 | E30: 2.3217068e+09 | F30: =G30/'1.'!J29 -> 0.021265354 | G30: 1.0804354e+09 | H30: =I30/'1.'!J29 -> 0.015389616 | I30: 7.8190493e+08 | J30: 0.49
A31: ='1.'!A30 -> PI | B31: =C31/'1.'!J30 -> 0.35275251 | C31: 7.5304855e+09 | D31: =E31/'1.'!J30 -> 0.037699794 | E31: 8.0480716e+08 | F31: =G31/'1.'!J30 -> 0.021434623 | G31: 4.5758177e+08 | H31: =I31/'1.'!J30 -> 0.012159664 | I31: 2.5958192e+08 | J31: 0.49
A32: ='1.'!A31 -> PR | B32: =C32/'1.'!J31 -> 0.44878785 | C32: 3.2116182e+10 | D32: =E32/'1.'!J31 -> 0.042800794 | E32: 3.0629129e+09 | F32: =G32/'1.'!J31 -> 0.017392382 | G32: 1.2446347e+09 | H32: =I32/'1.'!J31 -> 0.015425741 | I32: 1.1038978e+09 | J32: 0.49
A33: ='1.'!A32 -> RJ | B33: =C33/'1.'!J32 -> 0.45422713 | C33: 4.8400515e+10 | D33: =E33/'1.'!J32 -> 0.044520521 | E33: 4.7439178e+09 | F33: =G33/'1.'!J32 -> 0.016790519 | G33: 1.7891264e+09 | H33: =I33/'1.'!J32 -> 0.015552029 | I33: 1.6571582e+09 | J33: 0.49
... A41: ='1.'!A40 -> TO | B41: =C41/'1.'!J40 -> 0.45625876 | C41: 7.4068285e+09 | D41: =E41/'1.'!J40 -> 0.046267134 | E41: 7.5109293e+08 | F41: =G41/'1.'!J40 -> 0.024667376 | G41: 4.0044607e+08 | H41: =I41/'1.'!J40 -> 0.014007936 | I41: 2.2740249e+08 | J41: 0.49

Sheet 3.
B2: Clique aqui para voltar ao índice
A4: SECRETARIA DO TESOURO NACIONAL
A5: Tabela 3. Gráfico 2 - Composição da Despesa Bruta com Pessoal
A6: Fonte: SICONFI
A7: ='1.'!A7 -> RGF 2º quadrimestre de 2026
A8: Anexo 01 - Demonstrativo da Despesas Com Pessoal
A9: R$ - Valores Correntes
A10: (Os dados abaixo correspondem ao somatório das despesas de pessoal de todos os poderes: Executivo, Legislativo, incluindo os Tribunais de Contas, Judiciário e Ministérios Públicos dos Estados e DF. Os dados do RGF das Defensorias Públicas Estaduais não devem ser incluídos no somatório pois já estão incluídos nos valores do poder executivo de cada ente.)
A12: UF | B12: DESPESA BRUTA COM PESSOAL (I) | C12: Outras Despesas de Pessoal decorrentes de Contratos de Terceirização (§ 1º do art. 18 da LRF) | D12: ='1.'!G13 -> Despesa com Pessoal não Executada Orçamentariamente | E12: Pessoal Ativo | F12: Pessoal Inativo e Pensionistas | G12: RCL Ajustada | H12: Ativo | I12: Inativo e Pensionistas | J12: Terceirização | K12: Não Executadas Orçamentariamente | L12: Soma
A13: AC | B13: ='1.'!B14 -> 7.8582783e+09 | C13: ='1.'!F14 -> 1.7044218e+08 | D13: ='1.'!G14 -> 23796337 | E13: ='1.'!H14 -> 5.7465945e+09 | F13: ='1.'!I14 -> 1.9174453e+09 | G13: ='1.'!J14 -> 1.1652842e+10 | H13: =E13/B13 -> 0.73127908 | I13: =F13/B13 -> 0.24400323 | J13: =C13/B13 -> 0.021689507 | K13: ='1.'!P14 -> 0.0030281872 | L13: 1
A14: AL | B14: ='1.'!B15 -> 1.0576261e+10 | C14: ='1.'!F15 -> 3.1620901e+08 | D14: ='1.'!G15 -> 0 | E14: ='1.'!H15 -> 7.6653035e+09 | F14: ='1.'!I15 -> 2.5947483e+09 | G14: ='1.'!J15 -> 2.0236201e+10 | H14: =E14/B14 -> 0.72476498 | I14: =F14/B14 -> 0.24533702 | J14: =C14/B14 -> 0.029897997 | K14: ='1.'!P15 -> 0 | L14: 1
A15: AM | B15: ='1.'!B16 -> 1.5382488e+10 | C15: ='1.'!F16 -> 4.7286456e+08 | D15: ='1.'!G16 -> 0 | E15: ='1.'!H16 -> 1.1024246e+10 | F15: ='1.'!I16 -> 3.8853774e+09 | G15: ='1.'!J16 -> 2.9259028e+10 | H15: =E15/B15 -> 0.71667509 | I15: =F15/B15 -> 0.25258446 | J15: =C15/B15 -> 0.030740447 | K15: ='1.'!P16 -> 0 | L15: 1
A16: AP | B16: ='1.'!B17 -> 5.6949986e+09 | C16: ='1.'!F17 -> 0 | D16: ='1.'!G17 -> 0 | E16: ='1.'!H17 -> 4.6829882e+09 | F16: ='1.'!I17 -> 1.0120104e+09 | G16: ='1.'!J17 -> 1.0832919e+10 | H16: =E16/B16 -> 0.82229839 | I16: =F16/B16 -> 0.17770161 | J16: =C16/B16 -> 0 | K16: ='1.'!P17 -> 0 | L16: 1
A17: BA | B17: ='1.'!B18 -> 4.4020642e+10 | C17: ='1.'!F18 -> 1.8667918e+09 | D17: ='1.'!G18 -> 0 | E17: ='1.'!H18 -> 2.7573319e+10 | F17: ='1.'!I18 -> 1.4580531e+10 | G17: ='1.'!J18 -> 7.2046894e+10 | H17: =E17/B17 -> 0.62637249 | I17: =F17/B17 -> 0.33122032 | J17: =C17/B17 -> 0.042407191 | K17: ='1.'!P18 -> 0 | L17: 1
A18: CE | B18: ='1.'!B19 -> 2.5718351e+10 | C18: ='1.'!F19 -> 1.0204952e+09 | D18: ='1.'!G19 -> 620516.86 | E18: ='1.'!H19 -> 1.7897328e+10 | F18: ='1.'!I19 -> 6.7999076e+09 | G18: ='1.'!J19 -> 4.1764818e+10 | H18: =E18/B18 -> 0.69589717 | I18: =F18/B18 -> 0.26439905 | J18: =C18/B18 -> 0.03967965 | K18: ='1.'!P19 -> 2.4127397e-05 | L18: 1
A19: DF | B19: ='1.'!B20 -> 2.4147538e+10 | C19: ='1.'!F20 -> 7.8624495e+08 | D19: ='1.'!G20 -> 0 | E19: ='1.'!H20 -> 1.6391069e+10 | F19: ='1.'!I20 -> 6.9702242e+09 | G19: ='1.'!J20 -> 4.1899183e+10 | H19: =E19/B19 -> 0.67878841 | I19: =F19/B19 -> 0.28865155 | J19: =C19/B19 -> 0.032560046 | K19: ='1.'!P20 -> 0 | L19: 1
A20: ES | B20: ='1.'!B21 -> 1.4256625e+10 | C20: ='1.'!F21 -> 1.9215162e+08 | D20: ='1.'!G21 -> 0 | E20: ='1.'!H21 -> 8.6373659e+09 | F20: ='1.'!I21 -> 5.4271075e+09 | G20: ='1.'!J21 -> 3.0896825e+10 | H20: =E20/B20 -> 0.60584927 | I20: =F20/B20 -> 0.38067267 | J20: =C20/B20 -> 0.013478058 | K20: ='1.'!P21 -> 0 | L20: 1
A21: GO | B21: ='1.'!B22 -> 2.8679117e+10 | C21: ='1.'!F22 -> 1.4867329e+08 | D21: ='1.'!G22 -> 0 | E21: ='1.'!H22 -> 1.8408932e+10 | F21: ='1.'!I22 -> 1.0121512e+10 | G21: ='1.'!J22 -> 4.6946528e+10 | H21: =E21/B21 -> 0.64189327 | I21: =F21/B21 -> 0.35292271 | J21: =C21/B21 -> 0.005184026 | K21: ='1.'!P22 -> 0 | L21: 1
A22: MA | B22: ='1.'!B23 -> 1.738558e+10 | C22: ='1.'!F23 -> 699305.07 | D22: ='1.'!G23 -> 15666708 | E22: ='1.'!H23 -> 12109558409 | F22: ='1.'!I23 -> 5.2596559e+09 | G22: ='1.'!J23 -> 3.5589295e+10 | H22: =E22/B22 -> 0.69652886 | I22: =F22/B22 -> 0.30252979 | J22: =C22/B22 -> 4.022328e-05 | K22: ='1.'!P23 -> 0.00090113231 | L22: 1
A23: MG | B23: ='1.'!B24 -> 8.64709e+10 | C23: ='1.'!F24 -> 0 | D23: ='1.'!G24 -> 0 | E23: ='1.'!H24 -> 5.0934728e+10 | F23: ='1.'!I24 -> 3.5536172e+10 | G23: ='1.'!J24 -> 1.1772025e+11 | H23: =E23/B23 -> 0.58903895 | I23: =F23/B23 -> 0.41096105 | J23: =C23/B23 -> 0 | K23: ='1.'!P24 -> 0 | L23: 1
A24: MS | B24: ='1.'!B25 -> 1.7041687e+10 | C24: ='1.'!F25 -> 2.091787e+08 | D24: ='1.'!G25 -> 0 | E24: ='1.'!H25 -> 1.107435e+10 | F24: ='1.'!I25 -> 5.7581591e+09 | G24: ='1.'!J25 -> 2.3108986e+10 | H24: =E24/B24 -> 0.6498388 | I24: =F24/B24 -> 0.33788667 | J24: =C24/B24 -> 0.01227453 | K24: ='1.'!P25 -> 0 | L24: 1
... A31: RJ | B31: ='1.'!B32 -> 7.1148657e+10 | C31: ='1.'!F32 -> 1848837205 | D31: ='1.'!G32 -> 0 | E31: ='1.'!H32 -> 4.0017579e+10 | F31: ='1.'!I32 -> 2.9282241e+10 | G31: ='1.'!J32 -> 1.0655576e+11 | H31: =E31/B31 -> 0.56245024 | I31: =F31/B31 -> 0.41156421 | J31: =C31/B31 -> 0.025985553 | K31: ='1.'!P32 -> 0 | L31: 1
A32: RN | B32: ='1.'!B33 -> 1.8567758e+10 | C32: ='1.'!F33 -> 196558256 | D32: ='1.'!G33 -> 155895.94 | E32: ='1.'!H33 -> 1.1457404e+10 | F32: ='1.'!I33 -> 6.91364e+09 | G32: ='1.'!J33 -> 2.0958176e+10 | H32: =E32/B32 -> 0.6170591 | I32: =F32/B32 -> 0.37234651 | J32: =C32/B32 -> 0.010585998 | K32: ='1.'!P33 -> 8.3960561e-06 | L32: 1 | S32: DESPESA BRUTA DE PESSOAL
A33: RO | B33: ='1.'!B34 -> 1.0619629e+10 | C33: ='1.'!F34 -> 81420774 | D33: ='1.'!G34 -> 11944416 | E33: ='1.'!H34 -> 8.6141334e+09 | F33: ='1.'!I34 -> 1.9121303e+09 | G33: ='1.'!J34 -> 1.7349093e+10 | H33: =E33/B33 -> 0.81115202 | I33: =F33/B33 -> 0.18005623 | J33: =C33/B33 -> 0.0076670075 | K33: ='1.'!P34 -> 0.0011247489 | L33: 1
A34: RR | B34: ='1.'!B35 -> 5.643923e+09 | C34: ='1.'!F35 -> 1.3773428e+08 | D34: ='1.'!G35 -> 45525190 | E34: ='1.'!H35 -> 5.0599459e+09 | F34: ='1.'!I35 -> 4.0071761e+08 | G34: ='1.'!J35 -> 9.2613916e+09 | H34: =E34/B34 -> 0.89652993 | I34: =F34/B34 -> 0.070999837 | J34: =C34/B34 -> 0.024403997 | K34: ='1.'!P35 -> 0.0080662316 | L34: 1
A35: RS | B35: ='1.'!B36 -> 4.8962305e+10 | C35: ='1.'!F36 -> 5.5241257e+08 | D35: ='1.'!G36 -> 0 | E35: ='1.'!H36 -> 2.7727746e+10 | F35: ='1.'!I36 -> 2.0682146e+10 | G35: ='1.'!J36 -> 6.8145851e+10 | H35: =E35/B35 -> 0.56630802 | I35: =F35/B35 -> 0.42240957 | J35: =C35/B35 -> 0.011282405 | K35: ='1.'!P36 -> 0 | L35: 1
A36: SC | B36: ='1.'!B37 -> 3.2219198e+10 | C36: ='1.'!F37 -> 68456486 | D36: ='1.'!G37 -> 0 | E36: ='1.'!H37 -> 2.0380896e+10 | F36: ='1.'!I37 -> 1.1769845e+10 | G36: ='1.'!J37 -> 5.3646592e+10 | H36: =E36/B36 -> 0.63256995 | I36: =F36/B36 -> 0.36530534 | J36: =C36/B36 -> 0.0021247111 | K36: ='1.'!P37 -> 0 | L36: 1
A37: SE | B37: ='1.'!B38 -> 1.0415579e+10 | C37: ='1.'!F38 -> 0 | D37: ='1.'!G38 -> 0 | E37: ='1.'!H38 -> 6.9785118e+09 | F37: ='1.'!I38 -> 3.4370671e+09 | G37: ='1.'!J38 -> 1.6829595e+10 | H37: =E37/B37 -> 0.6700071 | I37: =F37/B37 -> 0.3299929 | J37: =C37/B37 -> 0 | K37: ='1.'!P38 -> 0 | L37: 1
A38: SP | B38: ='1.'!B39 -> 1.6020087e+11 | C38: ='1.'!F39 -> 0 | D38: ='1.'!G39 -> 0 | E38: ='1.'!H39 -> 9.6573313e+10 | F38: ='1.'!I39 -> 6.3627559e+10 | G38: ='1.'!J39 -> 2.7917099e+11 | H38: =E38/B38 -> 0.60282639 | I38: =F38/B38 -> 0.39717361 | J38: =C38/B38 -> 0 | K38: ='1.'!P39 -> 0 | L38: 1
A39: TO | B39: ='1.'!B40 -> 1.1965799e+10 | C39: ='1.'!F40 -> 20718280 | D39: ='1.'!G40 -> 61252674 | E39: ='1.'!H40 -> 8.9308772e+09 | F39: ='1.'!I40 -> 2.9529512e+09 | G39: ='1.'!J40 -> 1.6233833e+10 | H39: =E39/B39 -> 0.74636695 | I39: =F39/B39 -> 0.24678261 | J39: =C39/B39 -> 0.0017314581 | K39: ='1.'!P40 -> 0.0051189788 | L39: 1
A40: ='1.'!A41 -> 0

Sheet 4.
B2: Clique aqui para voltar ao índice
A4: SECRETARIA DO TESOURO NACIONAL
A5: Tabela 4. Gráfico 3 - Inativos e Pensionistas com Recursos Vinculados /Pessoal Inativo e Pensionistas
A6: Fonte: SICONFI
A7: ='1.'!A7 -> RGF 2º quadrimestre de 2026
A8: Anexo 01 - Demonstrativo da Despesas Com Pessoal
A9: R$ - Valores Correntes
A10: (Os dados abaixo correspondem ao somatório das despesas de pessoal de todos os poderes: Executivo, Legislativo, incluindo os Tribunais de Contas, Judiciário e Ministérios Públicos dos Estados e DF. Os dados do RGF das Defensorias Públicas Estaduais não devem ser incluídos no somatório pois já estão incluídos nos valores do poder executivo de cada ente.)
A12: UF | B12: Inativos e Pensionistas com Recursos Vinculados | C12: Pessoal Inativo e Pensionistas | D12: Inativos e Pensionistas com Recursos Vinculados/Pessoal Inativo e Pensionistas
A13: AC | B13: ='1.'!E14 -> 1.0120949e+09 | C13: ='1.'!I14 -> 1.9174453e+09 | D13: =B13/C13 -> 0.5278351
A14: AL | B14: ='1.'!E15 -> 9.2336754e+08 | C14: ='1.'!I15 -> 2.5947483e+09 | D14: =B14/C14 -> 0.35586016
A15: AM | B15: ='1.'!E16 -> 1.4492537e+09 | C15: ='1.'!I16 -> 3.8853774e+09 | D15: =B15/C15 -> 0.37300204
A16: AP | B16: ='1.'!E17 -> 3.4417159e+08 | C16: ='1.'!I17 -> 1.0120104e+09 | D16: =B16/C16 -> 0.340087
A17: BA | B17: ='1.'!E18 -> 5.9057258e+09 | C17: ='1.'!I18 -> 1.4580531e+10 | D17: =B17/C17 -> 0.40504189
A18: CE | B18: ='1.'!E19 -> 4.4568297e+09 | C18: ='1.'!I19 -> 6.7999076e+09 | D18: =B18/C18 -> 0.65542504
A19: DF | B19: ='1.'!E20 -> 5.7547257e+09 | C19: ='1.'!I20 -> 6.9702242e+09 | D19: =B19/C19 -> 0.82561558
A20: ES | B20: ='1.'!E21 -> 1.0868006e+09 | C20: ='1.'!I21 -> 5.4271075e+09 | D20: =B20/C20 -> 0.20025412
A21: GO | B21: ='1.'!E22 -> 4.2159932e+09 | C21: ='1.'!I22 -> 1.0121512e+10 | D21: =B21/C21 -> 0.4165379
A22: MA | B22: ='1.'!E23 -> 2.2068418e+09 | C22: ='1.'!I23 -> 5.2596559e+09 | D22: =B22/C22 -> 0.41957912
A23: MG | B23: ='1.'!E24 -> 1.4748681e+10 | C23: ='1.'!I24 -> 3.5536172e+10 | D23: =B23/C23 -> 0.41503291
A24: MS | B24: ='1.'!E25 -> 3.8727202e+09 | C24: ='1.'!I25 -> 5.7581591e+09 | D24: =B24/C24 -> 0.67256221
... A39: TO | B39: ='1.'!E40 -> 2.1535336e+09 | C39: ='1.'!I40 -> 2.9529512e+09 | D39: =B39/C39 -> 0.72928183
A40: ='1.'!A41 -> 0

Sheet 6.
B2: Clique aqui para voltar ao índice
A4: SECRETARIA DO TESOURO NACIONAL
A5: Tabela 6. Gráfico 4 - Dívida Consolidada Líquida - DCL
A6: Fonte: SICONFI
A7: ='1.'!A7 -> RGF 2º quadrimestre de 2026
A8: Anexo 02 - Demonstrativo da Dívida Consolidada Líquida
A9: R$ - Valores Correntes
A11: UF | B11: ANO CORRENTE | J11: ANO ANTERIOR | M11: ANO CORRENTE
B12: DÍVIDA CONSOLIDADA - DC (I) | C12: DEDUÇÕES (II) | D12: DÍVIDA CONSOLIDADA LÍQUIDA (DCL) (III) = (I - II) | E12: % da DCL sobre a RCL AJUSTADA (III/RCL) | F12: RECEITA CORRENTE LÍQUIDA AJUSTADA PARA PARA CÁLCULO DOS LIMITES DE ENDIVIDAMENTO (VI) = (IV - V) | G12: Precatórios Anteriores a 05/05/2000 | H12: Precatórios Posteriores a 05/05/2000 (inclusive) Vencidos e Não Pagos | I12: Precatórios Posteriores a 05/05/2000 (Não incluídos na DC) | J12: RECEITA CORRENTE LÍQUIDA AJUSTADA PARA PARA CÁLCULO DOS LIMITES DE ENDIVIDAMENTO (VI) = (IV - V) | K12: DÍVIDA CONSOLIDADA LÍQUIDA (DCL) (III) = (I - II) SALDO DO EXERCÍCIO ANTERIOR | L12: DCL/RCL 2025 Saldo do Exercício Anterior | M12: DÍVIDA CONSOLIDADA LÍQUIDA (DCL) (III) = (I - II) | N12: DCL/RCL 2026
A13: AC | B13: 2.995462e+09 | C13: 2.1006103e+09 | D13: 8.9485171e+08 | E13: =D13/F13 -> 0.076494513 | F13: 1.1698247e+10 | J13: 1.1230516e+10 | K13: 1.485695e+09 | L13: =K13/J13 -> 0.1322909 | M13: =D13 -> 8.9485171e+08 | N13: =E13 -> 0.076494513
A14: AL | B14: 1.6519734e+10 | C14: 2.5919631e+09 | D14: 1.3927771e+10 | E14: =D14/F14 -> 0.68230534 | F14: 2.0412813e+10 | J14: 1.8963581e+10 | K14: 1.3549742e+10 | L14: =K14/J14 -> 0.7145139 | M14: =D14 -> 1.3927771e+10 | N14: =E14 -> 0.68230534
A15: AM | B15: 1.0087766e+10 | C15: 4.032168e+09 | D15: 6.0555979e+09 | E15: =D15/F15 -> 0.20655611 | F15: 2.9316964e+10 | J15: 2.8525082e+10 | K15: 7.5345243e+09 | L15: =K15/J15 -> 0.26413682 | M15: =D15 -> 6.0555979e+09 | N15: =E15 -> 0.20655611
A16: AP | B16: 5.575378e+09 | C16: 6.6392549e+09 | D16: -1.0638769e+09 | E16: =D16/F16 -> -0.098207777 | F16: 1.0832919e+10 | H16: 4.6326042e+08 | J16: 9.6935339e+09 | K16: -7.7154032e+08 | L16: =K16/J16 -> -0.079593297 | M16: =D16 -> -1.0638769e+09 | N16: =E16 -> -0.098207777
A17: BA | B17: 3.9256578e+10 | C17: 1.4172391e+10 | D17: 2.5084187e+10 | E17: =D17/F17 -> 0.34764179 | F17: 7.215527e+10 | H17: 6.5949923e+09 | I17: 3.5472147e+09 | J17: 6.8871916e+10 | K17: 2.456933e+10 | L17: =K17/J17 -> 0.35673946 | M17: =D17 -> 2.5084187e+10 | N17: =E17 -> 0.34764179
A18: CE | B18: 2.1285748e+10 | C18: 9.0678045e+09 | D18: 1.2217944e+10 | E18: =D18/F18 -> 0.29071858 | F18: 4.2026705e+10 | H18: 3.4336096e+08 | I18: 1.3004483e+09 | J18: 3.9565577e+10 | K18: 1.1968574e+10 | L18: =K18/J18 -> 0.30249967 | M18: =D18 -> 1.2217944e+10 | N18: =E18 -> 0.29071858
A19: DF | B19: 1.1514297e+10 | C19: 6.8692252e+09 | D19: 4.6450718e+09 | E19: =D19/F19 -> 0.11006602 | F19: 4.2202594e+10 | H19: 5.4402417e+09 | J19: 3.9090948e+10 | K19: 8.7648629e+09 | L19: =K19/J19 -> 0.2242172 | M19: =D19 -> 4.6450718e+09 | N19: =E19 -> 0.11006602
A20: ES | B20: 8.6656153e+09 | C20: 2.5198059e+10 | D20: -1.6532444e+10 | E20: =D20/F20 -> -0.53348874 | F20: 3.0989303e+10 | I20: 84383673 | J20: 2.8056832e+10 | K20: -1.4728876e+10 | L20: =K20/J20 -> -0.52496577 | M20: =D20 -> -1.6532444e+10 | N20: =E20 -> -0.53348874
A21: GO | B21: 2.8777754e+10 | C21: 1.2513864e+10 | D21: 1.6263889e+10 | E21: =D21/F21 -> 0.3463581 | F21: 4.6956861e+10 | H21: 1.1161358e+09 | I21: 5.8840974e+08 | J21: 4.5369798e+10 | K21: 1.5184347e+10 | L21: =K21/J21 -> 0.33467963 | M21: =D21 -> 1.6263889e+10 | N21: =E21 -> 0.3463581
A22: MA | B22: 7.5333655e+09 | C22: 6.3918131e+09 | D22: 1.1415524e+09 | E22: =D22/F22 -> 0.031970233 | F22: 3.5706729e+10 | G22: 78622.39 | H22: 2.6257569e+09 | I22: 3.1559971e+08 | J22: 3.2444318e+10 | K22: 1.7346706e+09 | L22: =K22/J22 -> 0.053466085 | M22: =D22 -> 1.1415524e+09 | N22: =E22 -> 0.031970233
A23: MG | B23: 2.1716589e+11 | C23: 4.4002857e+10 | D23: 1.7316304e+11 | E23: =D23/F23 -> 1.470883 | F23: 1.1772727e+11 | H23: 7.5917038e+09 | J23: 1.117283e+11 | K23: 1.871015e+11 | L23: =K23/J23 -> 1.6746115 | M23: =D23 -> 1.7316304e+11 | N23: =E23 -> 1.470883
A24: MS | B24: 1.1579678e+10 | C24: 5.2949868e+09 | D24: 6.2846907e+09 | E24: =D24/F24 -> 0.27104433 | F24: 2.3186947e+10 | H24: 2.2038086e+08 | J24: 2.2171423e+10 | K24: 5.5333437e+09 | L24: =K24/J24 -> 0.24957098 | M24: =D24 -> 6.2846907e+09 | N24: =E24 -> 0.27104433
A25: MT | B25: 3.9206315e+09 | C25: 1.0929839e+10 | D25: -7.0092075e+09 | E25: =D25/F25 -> -0.17927977 | F25: 3.9096478e+10 | H25: 2.5526831e+08 | I25: 1.5634065e+09 | J25: 3.7231696e+10 | K25: -5.549778e+09 | L25: =K25/J25 -> -0.14906058 | M25: =D25 -> -7.0092075e+09 | N25: =E25 -> -0.17927977
A26: PA | B26: 1.1245884e+10 | C26: 9.279192e+09 | D26: 1.9666922e+09 | E26: =D26/F26 -> 0.04217391 | F26: 4.6632912e+10 | H26: 61310.62 | I26: 1.323241e+08 | J26: 4.4688347e+10 | K26: 4.0270941e+09 | L26: =K26/J26 -> 0.090115082 | M26: =D26 -> 1.9666922e+09 | N26: =E26 -> 0.04217391
A27: PB | B27: 8.4328923e+09 | C27: 7.4686264e+09 | D27: 9.6426596e+08 | E27: =D27/F27 -> 0.042727779 | F27: 2.2567659e+10 | H27: 4707817655 | J27: 2.110941e+10 | K27: 6.7540721e+08 | L27: =K27/J27 -> 0.031995552 | M27: =D27 -> 9.6426596e+08 | N27: =E27 -> 0.042727779
A28: PE | B28: 2.0957289e+10 | C28: 8.0688139e+09 | D28: 1.2888475e+10 | E28: =D28/F28 -> 0.25355025 | F28: 5.0832033e+10 | H28: 28129111 | I28: 50510594 | J28: 4.7181385e+10 | K28: 1.4981516e+10 | L28: =K28/J28 -> 0.31753023 | M28: =D28 -> 1.2888475e+10 | N28: =E28 -> 0.25355025
A29: PI | B29: 1.7694376e+10 | C29: 4.1059909e+09 | D29: 1.3588385e+10 | E29: =D29/F29 -> 0.63368342 | F29: 2.1443491e+10 | H29: 3.079235e+09 | I29: 2.4430655e+08 | J29: 1.8712322e+10 | K29: 1.3350546e+10 | L29: =K29/J29 -> 0.71346283 | M29: =D29 -> 1.3588385e+10 | N29: =E29 -> 0.63368342
A30: PR | B30: 2.8011536e+10 | C30: 2.8027116e+10 | D30: -15579824 | E30: =D30/F30 -> -0.0002175674 | F30: 7.1609183e+10 | H30: 6.2555495e+09 | I30: 2.1862587e+09 | J30: 7.1059698e+10 | K30: -3.4952375e+09 | L30: =K30/J30 -> -0.049187339 | M30: =D30 -> -15579824 | N30: =E30 -> -0.0002175674
A31: RJ | B31: 2.5059298e+11 | C31: 2.5511119e+10 | D31: 2.2508186e+11 | E31: =D31/F31 -> 2.1117712 | F31: 1.0658439e+11 | G31: 1.2218832e+09 | H31: 8.0235018e+09 | I31: 3.7826144e+09 | J31: 1.0053021e+11 | K31: 2.1840506e+11 | L31: =K31/J31 -> 2.1725316 | M31: =D31 -> 2.2508186e+11 | N31: =E31 -> 2.1117712
A32: RN | B32: 8.9729661e+09 | C32: 7.5098752e+08 | D32: 8.2219785e+09 | E32: =D32/F32 -> 0.39223471 | F32: 2.0961884e+10 | H32: 5.1517756e+09 | I32: 1.8492679e+09 | J32: 1.9509347e+10 | K32: 9.4722772e+09 | L32: =K32/J32 -> 0.48552508 | M32: =D32 -> 8.2219785e+09 | N32: =E32 -> 0.39223471
A33: RO | B33: 5.6550571e+09 | C33: 6.1148904e+09 | D33: -4.5983334e+08 | E33: =D33/F33 -> -0.026501693 | F33: 1.7351093e+10 | H33: 2.083818e+09 | I33: 1.0585308e+08 | J33: 1.5800581e+10 | K33: -7.9292387e+08 | L33: =K33/J33 -> -0.05018321 | M33: =D33 -> -4.5983334e+08 | N33: =E33 -> -0.026501693
A34: RR | B34: 2.9832997e+09 | C34: 2.482977e+09 | D34: 5.0032277e+08 | E34: =D34/F34 -> 0.053984274 | F34: 9.2679355e+09 | H34: 9.0594914e+08 | J34: 8.5878857e+09 | K34: 8.1678316e+08 | L34: =K34/J34 -> 0.09510876 | M34: =D34 -> 5.0032277e+08 | N34: =E34 -> 0.053984274
A35: RS | B35: 1.4049316e+11 | C35: 2.5477225e+10 | D35: 1.1501593e+11 | E35: =D35/F35 -> 1.6841415 | F35: 6.8293507e+10 | G35: 5.1095578e+08 | H35: 1.5908266e+10 | J35: 6.5146827e+10 | K35: 1.1337758e+11 | L35: =K35/J35 -> 1.7403393 | M35: =D35 -> 1.1501593e+11 | N35: =E35 -> 1.6841415
A36: SC | B36: 2.3477045e+10 | C36: 1.2031948e+10 | D36: 1.1445097e+10 | E36: =D36/F36 -> 0.21244822 | F36: 5.3872408e+10 | H36: 3.0381068e+09 | I36: 2.981314e+09 | J36: 5.091479e+10 | K36: 1.1876884e+10 | L36: =K36/J36 -> 0.23326982 | M36: =D36 -> 1.1445097e+10 | N36: =E36 -> 0.21244822
A37: SE | B37: 5.0051097e+09 | C37: 3.7795905e+09 | D37: 1.2255192e+09 | E37: =D37/F37 -> 0.072517321 | F37: 1.6899675e+10 | H37: 6.1310644e+08 | I37: 3.3829055e+08 | J37: 1.647482e+10 | K37: 1.1598449e+09 | L37: =K37/J37 -> 0.070401068 | M37: =D37 -> 1.2255192e+09 | N37: =E37 -> 0.072517321
A38: SP | B38: 3.9004177e+11 | C38: 7.4133295e+10 | D38: 3.1590847e+11 | E38: =D38/F38 -> 1.1302734 | F38: 2.794974e+11 | H38: 3.0490337e+10 | I38: 3.1746378e+09 | J38: 2.6602123e+11 | K38: 3.304713e+11 | L38: =K38/J38 -> 1.2422741 | M38: =D38 -> 3.1590847e+11 | N38: =E38 -> 1.1302734
A39: TO | B39: 5.4716557e+09 | C39: 2.6202283e+09 | D39: 2.8514274e+09 | E39: =D39/F39 -> 0.17561409 | F39: 1.6236894e+10 | H39: 7.3766998e+08 | I39: 3.0524699e+08 | J39: 1.5566756e+10 | K39: 2.5209319e+09 | L39: =K39/J39 -> 0.1619433 | M39: =D39 -> 2.8514274e+09 | N39: =E39 -> 0.17561409
A40: ='1.'!A41 -> 0

Sheet 7.
B2: Clique aqui para voltar ao índice
A4: SECRETARIA DO TESOURO NACIONAL
A5: Tabela 8. Gráfico 5- Deduções da Dívida Consolidada Bruta
A6: Fonte: SICONFI
A7: ='1.'!A7 -> RGF 2º quadrimestre de 2026
A8: Anexo 02 - Demonstrativo da Dívida Consolidada Líquida
A9: R$ - Valores Correntes
A12: UF | B12: DÍVIDA CONSOLIDADA - DC (I) | C12: DÍVIDA CONSOLIDADA LÍQUIDA (DCL) (III) = (I - II) | D12: DCL | E12: DEDUÇÕES (II) | F12: % (Deduções/DC)
A13: ='6.'!A13 -> AC | B13: ='6.'!B13 -> 2.995462e+09 | C13: ='6.'!M13 -> 8.9485171e+08 | D13: =C13/B13 -> 0.2987358 | E13: ='6.'!C13 -> 2.1006103e+09 | F13: =E13/B13 -> 0.7012642
A14: ='6.'!A14 -> AL | B14: ='6.'!B14 -> 1.6519734e+10 | C14: ='6.'!M14 -> 1.3927771e+10 | D14: =C14/B14 -> 0.84309898 | E14: ='6.'!C14 -> 2.5919631e+09 | F14: =E14/B14 -> 0.15690102
A15: ='6.'!A15 -> AM | B15: ='6.'!B15 -> 1.0087766e+10 | C15: ='6.'!M15 -> 6.0555979e+09 | D15: =C15/B15 -> 0.60029128 | E15: ='6.'!C15 -> 4.032168e+09 | F15: =E15/B15 -> 0.39970872
A16: ='6.'!A16 -> AP | B16: ='6.'!B16 -> 5.575378e+09 | C16: ='6.'!M16 -> -1.0638769e+09 | D16: =C16/B16 -> -0.19081699 | E16: ='6.'!C16 -> 6.6392549e+09 | F16: =E16/B16 -> 1.190817
A17: ='6.'!A17 -> BA | B17: ='6.'!B17 -> 3.9256578e+10 | C17: ='6.'!M17 -> 2.5084187e+10 | D17: =C17/B17 -> 0.63898049 | E17: ='6.'!C17 -> 1.4172391e+10 | F17: =E17/B17 -> 0.36101951
A18: ='6.'!A18 -> CE | B18: ='6.'!B18 -> 2.1285748e+10 | C18: ='6.'!M18 -> 1.2217944e+10 | D18: =C18/B18 -> 0.57399645 | E18: ='6.'!C18 -> 9.0678045e+09 | F18: =E18/B18 -> 0.42600355
A19: ='6.'!A19 -> DF | B19: ='6.'!B19 -> 1.1514297e+10 | C19: ='6.'!M19 -> 4.6450718e+09 | D19: =C19/B19 -> 0.40341775 | E19: ='6.'!C19 -> 6.8692252e+09 | F19: =E19/B19 -> 0.59658225
A20: ='6.'!A20 -> ES | B20: ='6.'!B20 -> 8.6656153e+09 | C20: ='6.'!M20 -> -1.6532444e+10 | D20: =C20/B20 -> -1.9078211 | E20: ='6.'!C20 -> 2.5198059e+10 | F20: =E20/B20 -> 2.9078211
A21: ='6.'!A21 -> GO | B21: ='6.'!B21 -> 2.8777754e+10 | C21: ='6.'!M21 -> 1.6263889e+10 | D21: =C21/B21 -> 0.56515492 | E21: ='6.'!C21 -> 1.2513864e+10 | F21: =E21/B21 -> 0.43484508
A22: ='6.'!A22 -> MA | B22: ='6.'!B22 -> 7.5333655e+09 | C22: ='6.'!M22 -> 1.1415524e+09 | D22: =C22/B22 -> 0.15153286 | E22: ='6.'!C22 -> 6.3918131e+09 | F22: =E22/B22 -> 0.84846714
A23: ='6.'!A23 -> MG | B23: ='6.'!B23 -> 2.1716589e+11 | C23: ='6.'!M23 -> 1.7316304e+11 | D23: =C23/B23 -> 0.79737676 | E23: ='6.'!C23 -> 4.4002857e+10 | F23: =E23/B23 -> 0.20262324
A24: ='6.'!A24 -> MS | B24: ='6.'!B24 -> 1.1579678e+10 | C24: ='6.'!M24 -> 6.2846907e+09 | D24: =C24/B24 -> 0.54273452 | E24: ='6.'!C24 -> 5.2949868e+09 | F24: =E24/B24 -> 0.45726548
... A39: ='6.'!A39 -> TO | B39: ='6.'!B39 -> 5.4716557e+09 | C39: ='6.'!M39 -> 2.8514274e+09 | D39: =C39/B39 -> 0.52112698 | E39: ='6.'!C39 -> 2.6202283e+09 | F39: =E39/B39 -> 0.47887302
A40: ='1.'!A41 -> 0

Sheet 8.
B2: Clique aqui para voltar ao índice
A4: SECRETARIA DO TESOURO NACIONAL
A5: Tabela 7. Gráfico 6 - Composição da Dívida Consolidada Bruta
A6: Fonte: SICONFI
A7: ='1.'!A7 -> RGF 2º quadrimestre de 2026
A8: Anexo 02 - Demonstrativo da Dívida Consolidada Líquida
A9: R$ - Valores Correntes
A11: UF | B11: DÍVIDA CONSOLIDADA - DC (I) | F11: RECEITA CORRENTE LÍQUIDA AJUSTADA PARA PARA CÁLCULO DOS LIMITES DE ENDIVIDAMENTO (VI) = (IV - V) | G11: COMPOSIÇÃO DA DÍVIDA CONSOLIDADE BRUTA
B12: Dívida Mobiliária | C12: Dívida Contratual | D12: Precatórios Posteriores a 05/05/2000 (inclusive) Vencidos e Não Pagos | E12: Outras Dívidas | G12: Dívida Mobiliária | H12: Dívida Contratual | I12: Precatórios Posteriores a 05/05/2000 (inclusive) Vencidos e Não Pagos | J12: Outras Dívidas
A13: AC | C13: 2.995462e+09 | F13: ='6.'!F13 -> 1.1698247e+10 | G13: =B13/F13 -> 0 | H13: =C13/$F13 -> 0.25606075 | I13: =D13/$F13 -> 0 | J13: =E13/$F13 -> 0
A14: AL | C14: 1.6519734e+10 | F14: ='6.'!F14 -> 2.0412813e+10 | G14: =B14/F14 -> 0 | H14: =C14/$F14 -> 0.8092826 | I14: =D14/$F14 -> 0 | J14: =E14/$F14 -> 0
A15: AM | C15: 1.0087766e+10 | F15: ='6.'!F15 -> 2.9316964e+10 | G15: =B15/F15 -> 0 | H15: =C15/$F15 -> 0.34409313 | I15: =D15/$F15 -> 0 | J15: =E15/$F15 -> 0
A16: AP | C16: 5.1102269e+09 | D16: 4.6326042e+08 | E16: 1890740.2 | F16: ='6.'!F16 -> 1.0832919e+10 | G16: =B16/F16 -> 0 | H16: =C16/$F16 -> 0.4717313 | I16: =D16/$F16 -> 0.042764137 | J16: =E16/$F16 -> 0.00017453654
A17: BA | C17: 3.2661585e+10 | D17: 6.5949923e+09 | F17: ='6.'!F17 -> 7.215527e+10 | G17: =B17/F17 -> 0 | H17: =C17/$F17 -> 0.45265696 | I17: =D17/$F17 -> 0.091400008 | J17: =E17/$F17 -> 0
A18: CE | C18: 2.0942387e+10 | D18: 3.4336096e+08 | F18: ='6.'!F18 -> 4.2026705e+10 | G18: =B18/F18 -> 0 | H18: =C18/$F18 -> 0.49831143 | I18: =D18/$F18 -> 0.0081700661 | J18: =E18/$F18 -> 0
A19: DF | C19: 4.2589302e+09 | D19: 5.4402417e+09 | E19: 1.8151251e+09 | F19: ='6.'!F19 -> 4.2202594e+10 | G19: =B19/F19 -> 0 | H19: =C19/$F19 -> 0.10091631 | I19: =D19/$F19 -> 0.12890775 | J19: =E19/$F19 -> 0.043009798
A20: ES | C20: 8.6656153e+09 | F20: ='6.'!F20 -> 3.0989303e+10 | G20: =B20/F20 -> 0 | H20: =C20/$F20 -> 0.27963247 | I20: =D20/$F20 -> 0 | J20: =E20/$F20 -> 0
A21: GO | C21: 2.7550414e+10 | D21: 1.1161358e+09 | E21: 1.1120379e+08 | F21: ='6.'!F21 -> 4.6956861e+10 | G21: =B21/F21 -> 0 | H21: =C21/$F21 -> 0.58671754 | I21: =D21/$F21 -> 0.023769387 | J21: =E21/$F21 -> 0.0023682118
A22: MA | C22: 4.9076086e+09 | D22: 2.6257569e+09 | F22: ='6.'!F22 -> 3.5706729e+10 | G22: =B22/F22 -> 0 | H22: =C22/$F22 -> 0.13744212 | I22: =D22/$F22 -> 0.073536754 | J22: =E22/$F22 -> 0
A23: MG | C23: 2.0408518e+11 | D23: 7.5917038e+09 | E23: 5.4890068e+09 | F23: ='6.'!F23 -> 1.1772727e+11 | G23: =B23/F23 -> 0 | H23: =C23/$F23 -> 1.7335422 | I23: =D23/$F23 -> 0.064485519 | J23: =E23/$F23 -> 0.04662477
A24: MS | C24: 1.1359297e+10 | D24: 2.2038086e+08 | F24: ='6.'!F24 -> 2.3186947e+10 | G24: =B24/F24 -> 0 | H24: =C24/$F24 -> 0.48990048 | I24: =D24/$F24 -> 0.0095045222 | J24: =E24/$F24 -> 0
A25: MT | B25: 0 | C25: 3.6653632e+09 | D25: 2.5526831e+08 | E25: 0 | F25: ='6.'!F25 -> 3.9096478e+10 | G25: =B25/F25 -> 0 | H25: =C25/$F25 -> 0.09375175 | I25: =D25/$F25 -> 0.0065291895 | J25: =E25/$F25 -> 0
A26: PA | C26: 1.1245823e+10 | D26: 61310.62 | F26: ='6.'!F26 -> 4.6632912e+10 | G26: =B26/F26 -> 0 | H26: =C26/$F26 -> 0.24115635 | I26: =D26/$F26 -> 1.31475e-06 | J26: =E26/$F26 -> 0
A27: PB | C27: 3.7250747e+09 | D27: 4707817655 | F27: ='6.'!F27 -> 2.2567659e+10 | G27: =B27/F27 -> 0 | H27: =C27/$F27 -> 0.16506252 | I27: =D27/$F27 -> 0.20860904 | J27: =E27/$F27 -> 0
A28: PE | C28: 2.092916e+10 | D28: 28129111 | F28: ='6.'!F28 -> 5.0832033e+10 | G28: =B28/F28 -> 0 | H28: =C28/$F28 -> 0.4117317 | I28: =D28/$F28 -> 0.00055337371 | J28: =E28/$F28 -> 0
A29: PI | C29: 1.4615141e+10 | D29: 3.079235e+09 | F29: ='6.'!F29 -> 2.1443491e+10 | G29: =B29/F29 -> 0 | H29: =C29/$F29 -> 0.68156536 | I29: =D29/$F29 -> 0.14359765 | J29: =E29/$F29 -> 0
A30: PR | C30: 2.1755986e+10 | D30: 6.2555495e+09 | F30: ='6.'!F30 -> 7.1609183e+10 | G30: =B30/F30 -> 0 | H30: =C30/$F30 -> 0.30381559 | I30: =D30/$F30 -> 0.087356806 | J30: =E30/$F30 -> 0
A31: RJ | B31: 7796787.4 | C31: 2.3958745e+11 | D31: 8.0235018e+09 | E31: 2.9742274e+09 | F31: ='6.'!F31 -> 1.0658439e+11 | G31: =B31/F31 -> 7.3151305e-05 | H31: =C31/$F31 -> 2.2478661 | I31: =D31/$F31 -> 0.075278393 | J31: =E31/$F31 -> 0.027904905
A32: RN | C32: 3.8211904e+09 | D32: 5.1517756e+09 | F32: ='6.'!F32 -> 2.0961884e+10 | G32: =B32/F32 -> 0 | H32: =C32/$F32 -> 0.18229232 | I32: =D32/$F32 -> 0.24576873 | J32: =E32/$F32 -> 0
A33: RO | C33: 3.571239e+09 | D33: 2.083818e+09 | F33: ='6.'!F33 -> 1.7351093e+10 | G33: =B33/F33 -> 0 | H33: =C33/$F33 -> 0.20582214 | I33: =D33/$F33 -> 0.12009722 | J33: =E33/$F33 -> 0
A34: RR | C34: 2.0773506e+09 | D34: 9.0594914e+08 | F34: ='6.'!F34 -> 9.2679355e+09 | G34: =B34/F34 -> 0 | H34: =C34/$F34 -> 0.22414384 | I34: =D34/$F34 -> 0.097750911 | J34: =E34/$F34 -> 0
A35: RS | C35: 1.2458489e+11 | D35: 1.5908266e+10 | F35: ='6.'!F35 -> 6.8293507e+10 | G35: =B35/F35 -> 0 | H35: =C35/$F35 -> 1.8242567 | I35: =D35/$F35 -> 0.23293966 | J35: =E35/$F35 -> 0
A36: SC | C36: 2.0434897e+10 | D36: 3.0381068e+09 | E36: 4040693.7 | F36: ='6.'!F36 -> 5.3872408e+10 | G36: =B36/F36 -> 0 | H36: =C36/$F36 -> 0.37932029 | I36: =D36/$F36 -> 0.056394487 | J36: =E36/$F36 -> 7.5004883e-05
A37: SE | C37: 4.3920032e+09 | D37: 6.1310644e+08 | F37: ='6.'!F37 -> 1.6899675e+10 | G37: =B37/F37 -> 0 | H37: =C37/$F37 -> 0.25988684 | I37: =D37/$F37 -> 0.036279184 | J37: =E37/$F37 -> 0
A38: SP | C38: 3.5952155e+11 | D38: 3.0490337e+10 | E38: 29880967 | F38: ='6.'!F38 -> 2.794974e+11 | G38: =B38/F38 -> 0 | H38: =C38/$F38 -> 1.2863145 | I38: =D38/$F38 -> 0.10908988 | J38: =E38/$F38 -> 0.00010690964
A39: TO | C39: 4.6967142e+09 | D39: 7.3766998e+08 | E39: 37271514 | F39: ='6.'!F39 -> 1.6236894e+10 | G39: =B39/F39 -> 0 | H39: =C39/$F39 -> 0.28926186 | I39: =D39/$F39 -> 0.045431718 | J39: =E39/$F39 -> 0.002295483
A40: ='1.'!A41 -> 0

Sheet 10.
B2: Clique aqui para voltar ao índice
A4: SECRETARIA DO TESOURO NACIONAL
A5: Tabela 10. Gráfico 7 - Precatórios
A6: Fonte: SICONFI
A7: ='1.'!A7 -> RGF 2º quadrimestre de 2026
A8: Anexo 02 - Demonstrativo da Dívida Consolidada Líquida
A9: R$ - Valores Correntes
A11: UF | B11: Precatórios Anteriores a 05/05/2000 | C11: Precatórios Posteriores a 05/05/2000 (inclusive) Vencidos e Não Pagos | D11: Precatórios Posteriores a 05/05/2000 (Não incluídos na DC) | E11: Total Precatórios | F11: RECEITA CORRENTE LÍQUIDA AJUSTADA PARA PARA CÁLCULO DOS LIMITES DE ENDIVIDAMENTO (VI) = (IV - V) | G11: % (Precatórios/RCL)
A12: ='6.'!A13 -> AC | B12: ='6.'!G13 -> 0 | C12: ='6.'!H13 -> 0 | D12: ='6.'!I13 -> 0 | E12: =SUM(B12:D12) -> 0 | F12: ='6.'!F13 -> 1.1698247e+10 | G12: =E12/F12 -> 0
A13: ='6.'!A14 -> AL | B13: ='6.'!G14 -> 0 | C13: ='6.'!H14 -> 0 | D13: ='6.'!I14 -> 0 | E13: =SUM(B13:D13) -> 0 | F13: ='6.'!F14 -> 2.0412813e+10 | G13: =E13/F13 -> 0
A14: ='6.'!A15 -> AM | B14: ='6.'!G15 -> 0 | C14: ='6.'!H15 -> 0 | D14: ='6.'!I15 -> 0 | E14: =SUM(B14:D14) -> 0 | F14: ='6.'!F15 -> 2.9316964e+10 | G14: =E14/F14 -> 0
A15: ='6.'!A16 -> AP | B15: ='6.'!G16 -> 0 | C15: ='6.'!H16 -> 4.6326042e+08 | D15: ='6.'!I16 -> 0 | E15: =SUM(B15:D15) -> 4.6326042e+08 | F15: ='6.'!F16 -> 1.0832919e+10 | G15: =E15/F15 -> 0.042764137
A16: ='6.'!A17 -> BA | B16: ='6.'!G17 -> 0 | C16: ='6.'!H17 -> 6.5949923e+09 | D16: ='6.'!I17 -> 3.5472147e+09 | E16: =SUM(B16:D16) -> 1.0142207e+10 | F16: ='6.'!F17 -> 7.215527e+10 | G16: =E16/F16 -> 0.14056086
A17: ='6.'!A18 -> CE | B17: ='6.'!G18 -> 0 | C17: ='6.'!H18 -> 3.4336096e+08 | D17: ='6.'!I18 -> 1.3004483e+09 | E17: =SUM(B17:D17) -> 1.6438093e+09 | F17: ='6.'!F18 -> 4.2026705e+10 | G17: =E17/F17 -> 0.039113446
A18: ='6.'!A19 -> DF | B18: ='6.'!G19 -> 0 | C18: ='6.'!H19 -> 5.4402417e+09 | D18: ='6.'!I19 -> 0 | E18: =SUM(B18:D18) -> 5.4402417e+09 | F18: ='6.'!F19 -> 4.2202594e+10 | G18: =E18/F18 -> 0.12890775
A19: ='6.'!A20 -> ES | B19: ='6.'!G20 -> 0 | C19: ='6.'!H20 -> 0 | D19: ='6.'!I20 -> 84383673 | E19: =SUM(B19:D19) -> 84383673 | F19: ='6.'!F20 -> 3.0989303e+10 | G19: =E19/F19 -> 0.0027229936
A20: ='6.'!A21 -> GO | B20: ='6.'!G21 -> 0 | C20: ='6.'!H21 -> 1.1161358e+09 | D20: ='6.'!I21 -> 5.8840974e+08 | E20: =SUM(B20:D20) -> 1.7045456e+09 | F20: ='6.'!F21 -> 4.6956861e+10 | G20: =E20/F20 -> 0.036300245
A21: ='6.'!A22 -> MA | B21: ='6.'!G22 -> 78622.39 | C21: ='6.'!H22 -> 2.6257569e+09 | D21: ='6.'!I22 -> 3.1559971e+08 | E21: =SUM(B21:D21) -> 2.9414353e+09 | F21: ='6.'!F22 -> 3.5706729e+10 | G21: =E21/F21 -> 0.082377618
A22: ='6.'!A23 -> MG | B22: ='6.'!G23 -> 0 | C22: ='6.'!H23 -> 7.5917038e+09 | D22: ='6.'!I23 -> 0 | E22: =SUM(B22:D22) -> 7.5917038e+09 | F22: ='6.'!F23 -> 1.1772727e+11 | G22: =E22/F22 -> 0.064485519
A23: ='6.'!A24 -> MS | B23: ='6.'!G24 -> 0 | C23: ='6.'!H24 -> 2.2038086e+08 | D23: ='6.'!I24 -> 0 | E23: =SUM(B23:D23) -> 2.2038086e+08 | F23: ='6.'!F24 -> 2.3186947e+10 | G23: =E23/F23 -> 0.0095045222
... A38: ='6.'!A39 -> TO | B38: ='6.'!G39 -> 0 | C38: ='6.'!H39 -> 7.3766998e+08 | D38: ='6.'!I39 -> 3.0524699e+08 | E38: =SUM(B38:D38) -> 1.042917e+09 | F38: ='6.'!F39 -> 1.6236894e+10 | G38: =E38/F38 -> 0.06423131
A39: ='1.'!A41 -> 0

Sheet 11.
B2: Clique aqui para voltar ao índice
A4: SECRETARIA DO TESOURO NACIONAL
A5: Tabela 11. Gráfico 8 - Operações de Crédito
A6: Fonte: SICONFI
A7: ='1.'!A7 -> RGF 2º quadrimestre de 2026
A8: Anexo 04 - Demonstrativo das Operações de Crédito
A9: R$ - Valores Correntes
A11: UF | B11: TOTAL CONSIDERADO PARA FINS DA APURAÇÃO DO CUMPRIMENTO DO LIMITE (VIII) (IIIa + VII - Ia - IIa) | C11: RECEITA CORRENTE LÍQUIDA AJUSTADA PARA CÁLCULO DOS LIMITES DE ENDIVIDAMENTO (VI) = (IV - V) | D11: TOTAL (VIII)/RCL | E11: TOTAL CONSIDERADO PARA FINS DA APURAÇÃO DO CUMPRIMENTO DO LIMITE (VIII) = (IIIa + VII - Ia - IIa)
E12: % SOBRE A RCL
A13: AC | B13: 18762738 | C13: ='8.'!F13 -> 1.1698247e+10 | D13: =B13/C13 -> 0.0016038931 | E13: 0.0016038931
A14: AL | B14: 2.3959423e+09 | C14: ='8.'!F14 -> 2.0412813e+10 | D14: =B14/C14 -> 0.11737443 | E14: 0.11737443
A15: AM | B15: 41278100 | C15: ='8.'!F15 -> 2.9316964e+10 | D15: =B15/C15 -> 0.0014079937 | E15: 0.0014079937
A16: AP | B16: 5.8129597e+08 | C16: ='8.'!F16 -> 1.0832919e+10 | D16: =B16/C16 -> 0.053660143 | E16: 0.053660143
A17: BA | B17: 6.0420194e+09 | C17: ='8.'!F17 -> 7.215527e+10 | D17: =B17/C17 -> 0.083736356 | E17: 0.083736356
A18: CE | B18: 3.2092644e+09 | C18: ='8.'!F18 -> 4.2026705e+10 | D18: =B18/C18 -> 0.076362504 | E18: 0.076362504
A19: DF | B19: 64089064 | C19: ='8.'!F19 -> 4.2202594e+10 | D19: =B19/C19 -> 0.0015186048 | E19: 0.0015186048
A20: ES | B20: 5.6122706e+08 | C20: ='8.'!F20 -> 3.0989303e+10 | D20: =B20/C20 -> 0.018110348 | E20: 0.018110348
A21: GO | C21: ='8.'!F21 -> 4.6956861e+10 | D21: =B21/C21 -> 0 | E21: 0
A22: MA | B22: 95719978 | C22: ='8.'!F22 -> 3.5706729e+10 | D22: =B22/C22 -> 0.0026807266 | E22: 0.0026807266
A23: MG | B23: 1971413.7 | C23: ='8.'!F23 -> 1.1772727e+11 | D23: =B23/C23 -> 1.67456e-05 | E23: 1.67456e-05
A24: MS | B24: 1.2833943e+09 | C24: ='8.'!F24 -> 2.3186947e+10 | D24: =B24/C24 -> 0.055349858 | E24: 0.055349858
A25: MT | B25: 39362619 | C25: ='8.'!F25 -> 3.9096478e+10 | D25: =B25/C25 -> 0.0010068073 | E25: 0.0010068073
A26: PA | B26: 1.6829166e+09 | C26: ='8.'!F26 -> 4.6632912e+10 | D26: =B26/C26 -> 0.036088602 | E26: 0.036088602
A27: PB | B27: 3.1937877e+08 | C27: ='8.'!F27 -> 2.2567659e+10 | D27: =B27/C27 -> 0.014152056 | E27: 0.014152056
A28: PE | B28: 2.6447634e+09 | C28: ='8.'!F28 -> 5.0832033e+10 | D28: =B28/C28 -> 0.052029464 | E28: 0.052029464
A29: PI | B29: 2.538263e+09 | C29: ='8.'!F29 -> 2.1443491e+10 | D29: =B29/C29 -> 0.11836986 | E29: 0.11836986
A30: PR | B30: 76600367 | C30: ='8.'!F30 -> 7.1609183e+10 | D30: =B30/C30 -> 0.0010697003 | E30: 0.0010697003
A31: RJ | C31: ='8.'!F31 -> 1.0658439e+11 | D31: =B31/C31 -> 0 | E31: 0
A32: RN | B32: 8.3380378e+08 | C32: ='8.'!F32 -> 2.0961884e+10 | D32: =B32/C32 -> 0.03977714 | E32: 0.03977714
A33: RO | B33: 261360.12 | C33: ='8.'!F33 -> 1.7351093e+10 | D33: =B33/C33 -> 1.5063035e-05 | E33: 1.5063035e-05
A34: RR | C34: ='8.'!F34 -> 9.2679355e+09 | D34: =B34/C34 -> 0 | E34: 0
A35: RS | B35: 1.8932559e+09 | C35: ='8.'!F35 -> 6.8293507e+10 | D35: =B35/C35 -> 0.027722341 | E35: 0.027722341
A36: SC | B36: 5.2941175e+08 | C36: ='8.'!F36 -> 5.3872408e+10 | D36: =B36/C36 -> 0.0098271409 | E36: 0.0098271409
A37: SE | B37: 7.4316559e+08 | C37: ='8.'!F37 -> 1.6899675e+10 | D37: =B37/C37 -> 0.04397514 | E37: 0.04397514
A38: SP | B38: 4.3137366e+09 | C38: ='8.'!F38 -> 2.794974e+11 | D38: =B38/C38 -> 0.015433906 | E38: 0.015433906
A39: TO | B39: 2.0053705e+09 | C39: ='8.'!F39 -> 1.6236894e+10 | D39: =B39/C39 -> 0.12350703 | E39: 0.12350703
A40: ='1.'!A41 -> 0
